 Dungeon Crawl Stone Soup version 0.27.1-1-g398f81649c (webtiles) character file.

Game seed: 14411891921021668242

21 Descartes the Ducker (level 2, 14/14 HPs)
             Began as a Felid Monk on Sept 12, 2021.
             Was a Believer of Fedhas.
             Got out of the dungeon alive.
             The game lasted 00:00:58 (278 turns).

Descartes the Ducker (Felid Monk)                    Turns: 278, Time: 00:00:59

Health: 14/14      AC:  1    Str:  7    XL:     2   Next: 62%
Magic:  3/3        EV: 19    Int: 11    God:    Fedhas [**....]
Gold:   18         SH:  0    Dex: 18    Spells: 1/1 levels left
                                        Lives:  0   Deaths: 0

rFire    . . .     SeeInvis +     - Unarmed
rCold    . . .     Faith    .   (shield unavailable)
rNeg     . . .     Spirit   .   (armour unavailable)
rPois    .         Reflect  .   (helmet unavailable)
rElec    .         Harm     .   (cloak unavailable)
rCorr    .         Rampage  .   (gloves unavailable)
Will     .....                  (boots unavailable)
Stlth    +++.......             (no amulet)
HPRegen  0.04/turn              (no ring)
MPRegen  0.08/turn              (no ring)

@: quick
A: very small, claws 1, fangs 3, see invisible, speed 1, shaggy fur 1, stealthy
paws, no weapons or thrown items, no armour, multi-lived
a: Renounce Religion, Wall of Briars


You escaped.
You worshipped Fedhas.
Fedhas was pleased with you.
You visited 1 branch of the dungeon, and saw 1 of its levels.

You collected 18 gold pieces.

Inventory:

Scrolls
 a - 2 scrolls of teleportation {unknown}
 b - a scroll of identify {unknown}
Potions
 c - a potion of flight {unknown}


   Skills:
 - Level 3.0 Fighting
 + Level 4.4 Dodging
 + Level 3.4 Stealth
 + Level 3.3 Unarmed Combat


You had one spell level left.
You didn't know any spells.
Your spell library was empty.

Dungeon Overview and Level Annotations

Branches:
Dungeon (1/15)

Altars:
Fedhas


Innate Abilities, Weirdness & Mutations

You have sharp claws.
You have razor-sharp teeth.
You have supernaturally acute eyesight. (SInv)
You cover ground quickly. (Speed+)
You are covered in fur. (AC +1)
Your paws help you pounce on unaware monsters.
You are incapable of wielding weapons or throwing items.
You cannot wear armour.
You gain extra lives every three experience levels.


Message History

No target in view!
No target in view!
No target in view!
No target in view!
No target in view!
No target in view!
No target in view!
No target in view!
No target in view!
No target in view!
b - a scroll labelled WOSSONT ESAU
Found a puce potion.
A goblin comes into view. It is wielding a +0 club.
Found a leather armour.
A goblin is nearby!
You can't go up here!
The goblin shouts!
You scratch the goblin.
You kill the goblin!
Fedhas appreciates your contribution to the ecosystem.
No target in view!
No target in view!
No target in view!
No target in view!
No target in view!
No target in view!
No target in view!
No target in view!
No target in view!
No target in view!
Things that are here:
a +0 club; a goblin corpse
c - a puce potion
Things that are here:
a +0 club; a goblin corpse You enter the shallow water.
Moving in this stuff is going to be slow.
There is a staircase leading out of the dungeon here.
Are you sure you want to leave the Dungeon?
This will make you lose the game!
You have escaped!

.. .....###.#.####...
#...##.##.......# #...
##...≈...≈.###.### ####
#...≈♣≈.≈♣≈##...#
#..≈♣⌠♣≈♣⌠♣≈#.#.########
##...≈♣...♣≈##...#.....).
#.....≈...≈......#...#.#.
#..#.#≈...≈.###....)...#.
###..#.#≈.@.≈.###........#.
#.......≈...≈............#.
#######)#.##.#≈...≈.#.#..#...###.
.....##.#.##.≈♣....≈#.##.#.......
......#.#...≈♣⌠♣≈.⌠.≈....########
###.........≈♣≈.≈.≈#.#.##
##.......>##.#≈...≈##.#.#
..........##.##...##..#.#
.#.#..#.#.##.##>#.##.##.#


There were no monsters in sight!

Vanquished Creatures
  A gnoll (D:1)
  3 goblins (D:1)
  2 hobgoblins (D:1)
  2 quokkas (D:1)
  A ball python (D:1)
  A bat (D:1)
  A rat (D:1)
11 creatures vanquished.

Vanquished Creatures (others)
  4 toadstools (D:1)
  2 withered plants (D:1)
6 creatures vanquished.

Grand Total: 17 creatures vanquished

Notes
Turn   | Place    | Note
-------+----------+-------------------------------------------
     0 | D:1      | Descartes the Felid Monk began the quest for the Orb.
     0 | D:1      | Reached XP level 1. HP: 10/10 MP: 2/2
    29 | D:1      | Reached XP level 2. HP: 12/14 MP: 3/3
    74 | D:1      | Found a faded altar of an unknown god.
    96 | D:1      | Became a worshipper of Fedhas Madash
    96 | D:1      | Reached * piety under Fedhas
    96 | D:1      | Reached ** piety under Fedhas
   278 | D:$      | Got out of the dungeon alive.

Illustrated notes

Levels and vault maps discovered:
D:1:      ldierk_water_garden, layout_loops_cross,
          ebering_ecumenical_altar_petrified

Skill      XL: |  1 |
---------------+----+-----
Stealth        | 3 |  3.4
Fighting       | |  3.0
Dodging        | |  4.4
Unarmed Combat | |  3.3

Action                   || total
-------------------------++-------
Melee: Unarmed           ||    23
       Bite              ||     3
       Punch             ||     1
 Stab: Sleeping          ||     1
Armor: Skin              ||     1
Dodge: Dodged            ||    14
